 Dungeon Crawl Stone Soup version 0.24.0-13-gcf9b319 (webtiles) character file.

Game seed: 16858847244177581879, levelgen mode: deterministic

182 Bronimir the Chopper (level 5, -1/44 HPs)
             Began as a Centaur Warper on Apr 12, 2020.
             Was an Initiate of Ru.
             Slain by Pikel
             ... wielding a +2 whip of freezing
              (5 damage)
             ... on level 4 of the Dungeon.
             The game lasted 00:06:08 (2850 turns).

Bronimir the Chopper (Centaur Warper)               Turns: 2850, Time: 00:06:08

Health: -1/44      AC:  5    Str: 16    XL:     5   Next: 34%
Magic:  7/7        EV:  9    Int: 18    God:    Ru [......]
Gold:   126        SH:  0    Dex:  9    Spells: 3/7 levels left

rFire    . . .     SeeInvis .   a - +0 hand axe
rCold    . . .     Gourm    .   (no shield)
rNeg     . . .     Faith    .   p - +0 ring mail
rPois    +         Spirit   .   (no helmet)
rElec    .         Reflect  .   (no cloak)
rCorr    .         Harm     .   (no gloves)
MR       .....                  (no barding)
Stlth    ..........             (no amulet)
HPRegen  0.14/turn              t - +6 ring of intelligence
MPRegen  0.10/turn              (no ring)

@: very quick
A: large, hooves 3, deformed body, speed 2, poison resistance, screaming 1,
strong 1, tough skin 3
a: Renounce Religion


You were on level 4 of the Dungeon.
You worshipped Ru.
Ru was noncommittal.
You were not hungry.

You visited 1 branch of the dungeon, and saw 4 of its levels.

You collected 126 gold pieces.

Inventory:

Hand Weapons
 a - a +0 hand axe (weapon)
Missiles
 e - 5 boomerangs of dispersal
 g - 50 bolts
 h - 68 arrows
 j - 80 stones
 q - 11 poisoned darts (quivered)
 r - 59 sling bullets
Armour
 b - a +0 leather armour
 p - a +0 ring mail (worn)
Jewellery
 t - a +6 ring of intelligence (left hand)
Wands
 o - a wand of digging (6)
Scrolls
 d - a scroll of blinking
 i - a scroll of fog {unknown}
 k - 4 scrolls of identify {unknown}
 l - 2 scrolls of random uselessness {unknown}
 m - 2 scrolls of teleportation {unknown}
 s - a scroll of fear {unknown}
 u - a scroll of enchant armour {unknown}
 w - a scroll of remove curse {unknown}
Potions
 c - a potion of flight
 v - a potion of might {unknown}
Comestibles
 f - 8 rations


   Skills:
 * Level 2.8 Fighting
 * Level 3.2 Axes
 + Level 1.1 Throwing
 * Level 1.9 Armour
 * Level 2.4 Dodging
 + Level 1.6 Spellcasting
 + Level 2.7 Translocations


You had 3 spell levels left.
You knew the following spells:

 Your Spells              Type           Power        Failure   Level  Hunger
a - Blink                 Tloc           N/A          17%         2    ###....
b - Shroud of Golubria    Chrm/Tloc      #.....       30%         2    ###....

Your spell library contained the following spells:

 Spells                   Type           Power        Failure   Level  Hunger
 Gell's Gravitas          Tloc           ##........   34%         3    ####...
 Lesser Beckoning         Tloc           ##........   34%         3    ####...
 Teleport Other           Tloc           ##......     34%         3    ####...
 Passage of Golubria      Tloc           N/A          75%         4    #####..


Dungeon Overview and Level Annotations

Branches:
Dungeon (4/15)
 Temple: D:4-7

Altars:
Ru
Vehumet

Annotations:
D:4 Pikel


Innate Abilities, Weirdness & Mutations

You have hooves in place of feet.
Armour fits poorly on your strangely shaped body.
You cover ground very quickly.
You have extremely tough skin. (AC +3)
Your system is resistant to poisons. (rPois)
You occasionally shout uncontrollably at your foes.
Your muscles are strong. (Str +2)


Message History

You hit Pikel but do no damage.
Pikel is moderately wounded.
You hit the slave but do no damage. Pikel barely misses you.
The slave hits you.
You hit Pikel. Your kick misses Pikel.
Pikel is heavily wounded.
You hit the slave. You barely miss the slave. The slave hits you.
* * * LOW HITPOINT WARNING * * *
Pikel waves his whip at you.
Pikel hits you with a +2 whip of freezing.
* * * LOW HITPOINT WARNING * * *
Pikel freezes you.
* * * LOW HITPOINT WARNING * * *
The slave hits you.
* * * LOW HITPOINT WARNING * * *
It was a potion of mutation.
You feel extremely strange.
You feel the urge to shout.
You feel stronger.
You feel resistant to poisons.
The worker ant bites you but does no damage.
Pikel hits you with a +2 whip of freezing.
You die...

#..........###......#
#........(.# ##......
#........## #.#####
##.......(## #..
#..........# ##.#
#.....p....# ##
#...p.(....#
#...pK.....#
#..p@a.....#
##....)...##
##......## ########


You could see Pikel, 4 slaves and a worker ant.

Vanquished Creatures
  Terence (D:2)
  An iguana (D:4)
  An orc wizard (D:3)
  5 adders (D:2)
  A dart slug (D:2)
  2 leopard geckos (D:1)
  5 orcs
  6 giant cockroaches
  4 goblins
  7 hobgoblins
  6 jackals
  2 kobolds
  4 bats
  6 frilled lizards
  3 rats
54 creatures vanquished.

Notes
Turn   | Place    | Note
-------+----------+-------------------------------------------
     0 | D:1      | Bronimir the Centaur Warper began the quest for the Orb.
     0 | D:1      | Reached XP level 1. HP: 17/17 MP: 3/3
   225 | D:1      | Reached XP level 2. HP: 12/24 MP: 4/4
   399 | D:1      | Reached skill level 2 in Axes
   755 | D:2      | Noticed Terence
   765 | D:2      | Killed Terence
   765 | D:2      | Reached XP level 3. HP: 24/29 MP: 5/5
   775 | D:2      | Learned a level 2 spell: Blink
   780 | D:2      | Learned a level 2 spell: Shroud of Golubria
   838 | D:2      | Reached skill level 1 in Armour
  1087 | D:2      | HP: 1/29 [poisoned by an adder]
  1108 | D:2      | Reached XP level 4. HP: 29/36 MP: 4/6
  1294 | D:2      | Found a sacrificial altar of Ru.
  2387 | D:3      | Reached skill level 3 in Axes
  2387 | D:3      | Reached XP level 5. HP: 29/42 MP: 7/7
  2541 | D:3      | Found a radiant altar of Vehumet.
  2701 | D:2      | Became a worshipper of Ru the Awakened
  2809 | D:4      | Noticed a slave
  2811 | D:4      | Noticed Pikel
  2812 | D:4      | Noticed a slave
  2813 | D:4      | Noticed a slave
  2813 | D:4      | Noticed a slave
  2850 | D:4      | Gained mutation: You occasionally shout uncontrollably at
                  | your foes. [potion of mutation]
  2850 | D:4      | Gained mutation: Your muscles are strong. (Str +2) [potion
                  | of mutation]
  2850 | D:4      | Gained mutation: Your system is resistant to poisons.
                  | (rPois) [potion of mutation]
  2850 | D:4      | Slain by Pikel

Levels and vault maps discovered:
D:1:      wander_arrival_fairy_ring, layout_loops_ring, hangedman_decor_push
D:2:      layout_rooms, nicolae_ru_awakened_eye, uniq_terence
D:3:      layout_loops_cross, marbit_many_paths, chequers_arboretum
D:4:      layout_rooms, temple_statues, evilmike_ruin_ashenzari, uniq_pikel,
          uniq_grinder, uniq_duvessa

Skill      XL: |  1  2  3  4 |
---------------+-------------+-----
Axes           | 2 3 |  3.2
Dodging        | 2 |  2.4
Armour         | 1 |  1.9
Fighting       | |  2.8
Throwing       | |  1.1
Spellcasting   | |  1.6
Translocations | |  2.7

Action                   |  1- 3 |  4- 6 || total
-------------------------+-------+-------++-------
Melee: Hand axe          |    94 |   125 ||   219
       Kick              |     8 |    17 ||    25
Throw: Dart              |       |     7 ||     7
 Cast: Blink             |     1 |       ||     1
  Use: Potion            |     4 |     3 ||     7
  Eat: Chunk             |       |     5 ||     5
Armor: Leather armour    |    39 |     1 ||    40
       Skin              |    37 |       ||    37
       Ring mail         |       |    71 ||    71
Dodge: Dodged            |    51 |    58 ||   109
